 Dungeon Crawl Stone Soup version 0.23.2-1-ga50397a (webtiles) character file.

Game seed: 14789302583238073351

46 MalarOregon the Sneak (level 3, 0/29 HPs)
             Began as a Ghoul Wizard on June 2, 2019.
             Slain by a ball python (1 damage)
             ... on level 3 of the Dungeon.
             The game lasted 00:02:43 (1873 turns).

MalarOregon the Sneak (Ghoul Wizard)                Turns: 1873, Time: 00:02:43

Health: 0/29       AC:  3    Str: 10    XL:     3   Next: 68%
Magic:  1/6        EV: 12    Int: 14    God:
Gold:   42         SH:  0    Dex: 10    Spells: 4/7 levels left

rFire    . . .     SeeInvis .     - Unarmed
rCold    + . .     Gourm    .   (no shield)
rNeg     + + +     Faith    .   a - +0 robe
rPois    ∞         Spirit   .   b - +0 hat
rElec    .         Reflect  .   (no cloak)
rCorr    .         Harm     .   i - +0 pair of gloves
MR       .....                  (no boots)
Stlth    ++........             (no amulet)
HPRegen  0.00/turn              j - +3 ring of dexterity
MPRegen  0.10/turn              (no ring)

@: very slightly contaminated, rotting
A: rotting body, claws 1, carnivore, cold resistance 1, negative energy
resistance 3, inhibited regeneration, torment resistance, unbreathing
a: no special abilities


You were on level 3 of the Dungeon.
You were not hungry.

You visited 1 branch of the dungeon, and saw 3 of its levels.

You collected 42 gold pieces.

Inventory:

Armour
 a - a +0 robe (worn)
 b - a +0 hat (worn)
 i - a +0 pair of gloves (worn)
   (You found it on level 1 of the Dungeon)
Jewellery
 j - a +3 ring of dexterity (left hand)
   (You found it on level 1 of the Dungeon)
Potions
 d - a potion of flight {unknown}
 g - a potion of ambrosia {unknown}
Comestibles
 e - a ration {!d}


   Skills:
 + Level 1.7 Fighting
 - Level 1.7 Dodging
 + Level 3.1 Stealth
 + Level 1.7 Unarmed Combat
 - Level 2.6 Spellcasting
 - Level 0.7 Conjurations
   Level 0.8 Summonings
 + Level 1.1 Translocations


You had 4 spell levels left.
You knew the following spells:

 Your Spells              Type           Power        Failure   Level  Hunger
a - Magic Dart            Conj           #...         17%         1    #......
b - Blink                 Tloc           N/A          21%         2    ###....

Your spell library contained the following spells:

 Spells                   Type           Power        Failure   Level  Hunger
 Call Imp                 Summ           #.......     24%         2    ###....
 Slow                     Hex            #.......     32%         2    ###....
 Conjure Flame            Conj/Fire      #.......     50%         3    ###....
 Mephitic Cloud           Conj/Pois/Air  #.......     52%         3    ###....


Dungeon Overview and Level Annotations

Branches:
Dungeon (3/15)

Altars:
Sif Muna


Innate Abilities, Weirdness & Mutations

Your body is rotting away.
You thrive on raw meat.
You are immune to poison.
You have sharp fingernails.
You are carnivorous and can eat meat at any time.
Your flesh is cold resistant. (rC+)
You are immune to negative energy. (rN+++)
You do not regenerate when monsters are visible.
You are immune to unholy pain and torment.
You can survive without breathing.


Message History

There is a stone staircase leading up here.
You start resting.
The hobgoblin is too close now for your liking.
Eat one of 2 chunks of flesh? (ye/n/q)
You eat one of the 2 chunks of flesh.
This raw flesh tastes great!
Eat a chunk of flesh? (ye/n/q)
You eat the chunk of flesh.
This raw flesh tastes great!
The hobgoblin hits you with a +0 club.
* * * LOW HITPOINT WARNING * * *
You hit the hobgoblin but do no damage. The hobgoblin hits you with a +0 club.
* * * LOW HITPOINT WARNING * * *
You hit the hobgoblin but do no damage. The hobgoblin closely misses you.
You hit the hobgoblin.
The hobgoblin hits you but does no damage.
You hit the hobgoblin but do no damage. The hobgoblin hits you with a +0 club.
* * * LOW HITPOINT WARNING * * *
You barely miss the hobgoblin. You hit the hobgoblin.
The hobgoblin barely misses you.
You closely miss the hobgoblin.
The hobgoblin hits you but does no damage.
You hit the hobgoblin. The hobgoblin hits you with a +0 club.
* * * LOW HITPOINT WARNING * * *
You hit the hobgoblin but do no damage. The hobgoblin hits you with a +0 club.
* * * LOW HITPOINT WARNING * * *
You barely miss the hobgoblin. The hobgoblin closely misses you.
You hit the hobgoblin but do no damage. The hobgoblin hits you with a +0 club.
* * * LOW HITPOINT WARNING * * *
Okay, then.
As you read the scroll labeled OHIXUO ISUFISI, it crumbles to dust.
You hear a loud clanging noise!
It was a scroll of noise.
You hear an angry hiss. x2; You hear a shout! x2; You hear an angry hiss.
The hobgoblin hits you but does no damage.
As you read the scroll labeled VIACUYRISH, it crumbles to dust.
It is a scroll of amnesia.
Okay, then.
Sorry, you're not good enough to have a special ability.
You blink.
You blink.
You miscast Blink.
You are very lightly contaminated with residual magic.
You catch a glimpse of the back of your own head.
The ball python hisses angrily.
The hobgoblin closely misses you. The hobgoblin hits you with a +0 club.
* * * LOW HITPOINT WARNING * * *
An orc comes into view.
A hobgoblin comes into view. It is wielding a +0 club.
The ball python bites you.
You die...

###.###### #....<...#
#........# #.......)#
..##........#
#...........#
............g# <
####........S####.g..
#.........@..o....
#.........####....
#.........# .
#...###.### ###. #..
## ##.


You could see an orc, 2 hobgoblins and a ball python.

Vanquished Creatures
  2 adders (D:2)
  A dart slug (D:2)
  A leopard gecko (D:3)
  3 bats (D:1)
  2 giant cockroaches
  3 goblins (D:1)
  3 hobgoblins
  A quokka (D:3)
  2 frilled lizards (D:1)
  4 kobolds (D:1)
  4 rats
26 creatures vanquished.

Notes
Turn   | Place    | Note
-------+----------+-------------------------------------------
     0 | D:1      | MalarOregon the Ghoul Wizard began the quest for the Orb.
     0 | D:1      | Reached XP level 1. HP: 14/14 MP: 3/3
   294 | D:1      | Reached XP level 2. HP: 15/22 MP: 4/4
   356 | D:1      | Reached skill level 1 in Unarmed Combat
   809 | D:1      | Reached skill level 1 in Fighting
  1220 | D:2      | Reached XP level 3. HP: 28/28 MP: 0/6
  1274 | D:2      | Learned a level 2 spell: Blink
  1293 | D:2      | Reached skill level 3 in Stealth
  1293 | D:2      | Reached skill level 1 in Translocations
  1518 | D:2      | Found a deep blue altar of Sif Muna.
  1869 | D:3      | HP: 1/29 [hobgoblin/+0 club (1)]
  1873 | D:3      | Slain by a ball python

Skill      XL: |  1  2  3 |
---------------+----------+-----
Unarmed Combat | 1 |  1.7
Fighting       | 1 |  1.7
Stealth        | 3 |  3.1
Translocations | 1 |  1.1
Dodging        | |  1.7
Spellcasting   | |  2.6
Conjurations   | |  0.7
Summonings     | |  0.8

Action                   || total
-------------------------++-------
Melee: Unarmed           ||   156
 Cast: Magic Dart        ||     6
       Blink             ||     2
  Use: Scroll            ||     2
 Stab: Sleeping          ||     4
  Eat: Chunk             ||     7
Armor: Robe              ||    24
Dodge: Dodged            ||    88
